 Dungeon Crawl Stone Soup version 0.30-a0-972-gf3ab3527aa (webtiles) character file.

Game seed: 7367055943660579915

25104 Newt the Reanimator (level 12, -10/79 HPs)
             Began as a Demonspawn Gladiator on Mar 31, 2023.
             Was a High Priest of Hepliaklqana.
             Mangled by a small abomination (15 damage)
             ... on level 3 of the Abyss.
             The game lasted 00:23:14 (11961 turns).

Newt the Reanimator (Demonspawn Gladiator)         Turns: 11961, Time: 00:23:16

Health: -10/79     AC:  8    Str: 18    XL:     12   Next: 86%
Magic:  24/25      EV: 13    Int: 10    God:    Hepliaklqana [*****.]
Gold:   864        SH:  5    Dex: 20    Spells: 26/30 levels left

rFire   + . .      SeeInvis .    b - +5 scythe (vamp)
rCold   + . .      Faith    .    (shield currently unavailable)
rNeg    . . .      Spirit   .    P - +1 troll leather armour
rPois   +          Reflect  +    (helmet restricted)
rElec   +          Rampage  .    (no cloak)
rCorr   +          Clarity  +    (no gloves)
Will    .....                    (no boots)
Stlth   +                        z - amulet of reflection
HPRegen 1.13/turn                q - +6 ring of dexterity
MPRegen 0.19/turn                I - ring of poison resistance

@: resistant, studying Long Blades
A: reduced essence, horns 2, icy blue scales 2, demonic guardian 1, powered by
death 2, hooves 1, clarity, weak 1
a: Renounce Religion, Recall Ancestor, Ancestor Identity, Transference, Idealise


You were on level 3 of the Abyss.
You worshipped Hepliaklqana.
Hepliaklqana was extremely pleased with you.
You visited 2 branches of the dungeon, and saw 14 of its levels.
You visited the Abyss 1 time.

You collected 864 gold pieces.

Inventory:

Hand Weapons
 a - the +7 spear of Disgust {drain, rElec rF+}
   (You took it off an orc on level 7 of the Dungeon)

   rF:        It protects you from fire.
   rElec:     It insulates you from electricity.
 b - a +5 vampiric scythe (weapon)
 E - a +0 rapier of electrocution
 H - a +2 hand crossbow of draining
Missiles
 d - 2 throwing nets
 g - 112 stones
 j - 31 poisoned darts
 p - 14 boomerangs (quivered)
 N - 2 curare-tipped darts
Armour
 c - a +0 helmet
 n - a +1 leather armour
 o - a +0 robe of willpower
 w - a +0 buckler
 B - a +0 pair of gloves
 D - +0 steam dragon scales
 P - a +1 troll leather armour (worn)
Jewellery
 q - a +6 ring of dexterity (left hand)
 t - a ring of protection from fire
 z - an amulet of reflection (around neck)
 A - a ring of see invisible
 I - a ring of poison resistance (right hand)
 J - a +6 ring of dexterity
 S - a ring of ice
Wands
 C - a wand of charming (11)
 G - a wand of quicksilver (9)
 M - a wand of roots (6)
 Q - a wand of flame (4)
Scrolls
 k - a scroll of silence
 l - a scroll of fear
 v - a scroll of magic mapping
 y - 3 scrolls of amnesia
 F - 2 scrolls of identify
 O - 2 scrolls of poison
 T - a scroll of fog
Potions
 f - 2 potions of ambrosia
 h - a potion of resistance
 i - 3 potions of mutation
 m - 4 potions of attraction
 r - a potion of flight
 s - 2 potions of curing
 u - a potion of cancellation
 x - 2 potions of lignification
 K - a potion of haste


   Skills:
 - Level 6.0 Fighting
 - Level 4.0 Short Blades
 - Level 10.0 Polearms
 - Level 6.0 Throwing
 - Level 5.0 Armour
 - Level 2.6 Dodging
 + Level 9.9 Spellcasting
 + Level 11.7 Necromancy
 - Level 5.0 Evocations


You had 26 spell levels left.
You knew the following spells:

 Your Spells              Type           Power      Damage    Failure   Level
a - Animate Dead          Necr           28%        N/A       1%          4

Your spell library contained the following spells:

 Spells                   Type           Power      Damage    Failure   Level
 Foxfire                  Conj/Fire      16%        2x1d2     17%         1
 Magic Dart               Conj           16%        1d3       17%         1
 Call Imp                 Summ           4%         N/A       26%         2
 Hailstorm                Conj/Ice       4%         3d4       45%         3
 Mephitic Cloud           Conj/Pois/Air  4%         N/A       45%         3
 Ozocubu's Armour         Ice            4%         N/A       45%         3
 Ice Form                 Ice/Tmut       4%         N/A       86%         4
 Simulacrum               Ice/Necr       8%         N/A       92%         6
 Fireball                 Conj/Fire      2%         3d4       99%         5
 Metabolic Englaciation   Hex/Ice        2%         N/A       99%         5
 Starburst                Conj/Fire      2%         6d3       100%        6
 Haunt                    Necr/Summ      8%         N/A       100%        7
 Infestation              Necr           14%        N/A       100%        8


Dungeon Overview and Level Annotations

Branches:
Dungeon (13/15)            Temple (1/1) D:6            Lair (0/5) D:8
    Orc (0/2) D:12
 Vaults: D:13-14

Altars:
Ashenzari
Cheibriados
Dithmenos
Fedhas
Gozag
Hepliaklqana
Kikubaaqudgha
Makhleb
Nemelex Xobeh
Okawaru
Qazlal
Ru
Sif Muna
Trog
Uskayaw
Vehumet
Wu Jian
Xom
Yredelemnul

Shops:
D:5 [*   D:8 [

Portals:
Trove: D:11 (show slimy rune of Zot)


Innate Abilities, Weirdness & Mutations

Your life essence is reduced to manifest your ancestor. (-10% HP)
You have a pair of horns on your head.
You are mostly covered in icy blue scales. (AC +3)
A weak demonic guardian rushes to your aid.
You regenerate health from kills.
You have large cloven feet.
You possess an exceptional clarity of mind.
You are weak. (Str -2)


Message History

The small abomination hits you.
The small abomination barely misses you.
There is an open door here.
You hit the small abomination. Your kick misses the small abomination.
You headbutt the small abomination.
The small abomination is moderately damaged.
The small abomination closely misses you.
The small abomination hits you.
You block the small abomination's attack.
You slash the small abomination!
You kick the small abomination, but do no damage.
Your headbutt misses the small abomination.
The small abomination is severely damaged.
You block the small abomination's attack.
The small abomination hits you!
The spatial maelstrom closely misses you.
The spatial maelstrom hits you.
You blink.
Aylmer is recalled.
The spatial maelstrom hits you! Space warps around you.
The spatial maelstrom hits you.
You blink.
A spatial vortex comes into view.
Aylmer closely misses the small abomination.
A spatial vortex comes into view.
The spatial maelstrom hits you but does no damage.
The spatial maelstrom misses you.
A spatial vortex comes into view.
A spatial vortex comes into view.
The spatial vortex attacks as you move away!
The spatial vortex hits you!! Space warps around you.
The spatial maelstrom hits you. Space warps horribly around you!
* * * LOW HITPOINT WARNING * * *
A demonic guardian appears!
The spatial maelstrom hits you.
* * * LOW HITPOINT WARNING * * *
You blink.
The small abomination misses you. The spatial vortex barely misses you.
The small abomination completely misses you.
Aylmer hits the spatial vortex with a +0 flail!
An eight-headed hydra simulacrum comes into view.
The small abomination hits you!
You die...

#####
#######5#Z#.#
##....vv.v# .#
##.....x.v# .#
#v...@x## .#
#....v#...#.#
##.v..R#####.# #
#'.....'..... .# #
##.....####......#
X ####### #.#####
#R #######+###..#
# ..... §§§..#
..... §§.# #####


You could see the friendly Aylmer the knight, a spatial maelstrom (ally target),
6 spatial vortices, 2 small abominations, an eight-headed hydra simulacrum and a
friendly white imp (summoned).

Vanquished Creatures
  A tentacled starspawn (Abyss:3)
  Fannar (D:12)
  A centaur warrior (D:13)
  2 two-headed ogres
  A boulder beetle (D:12)
  2 thrashing horrors (Abyss:3)
  Pikel (D:4)
  2 ugly things
  A cyclops (D:12)
  A manticore (D:12)
  2 smoke demons (Abyss:3)
  A gargoyle (D:13)
  Maggie (D:6)
  Psyche (D:8)
  2 guardian mummies (D:11)
  5 trolls
  A hornet (D:10)
  Grinder (D:5)
  3 slime creatures (D:13)
  A raiju (Abyss:3)
  3 large abominations (Abyss:3)
  3 flying skulls (Abyss:3)
  Sigmund (D:3)
  A wyvern (D:8)
  A vampire (D:7)
  11 yaks
  A yak (shapeshifter) (D:11)
  A human (D:12)
  2 small abominations (Abyss:3)
  A neqoxec (Abyss:3)
  2 steam dragons
  A vampire mosquito (D:11)
  2 wargs (D:12)
  Duvessa (D:5)
  An acid dragon (D:10)
  A water moccasin (D:8)
  A sky beast (D:6)
  4 ice beasts
  4 orc warriors
  A black bear (D:6)
  2 ogres
  A wolf (D:8)
  3 lemures (D:5)
  10 centaurs
  3 kobold brigands
  2 bullfrogs
  A scorpion (D:6)
  3 wights (D:6)
  Dowan (D:5)
  11 killer bees
  2 howler monkeys (D:11)
  2 electric eels (D:8)
  A lava snake (D:13)
  5 hounds
  8 orc priests
  2 sleepcaps
  An iguana (D:5)
  12 orc wizards
  8 adders
  4 gnolls (D:11)
  A white imp (D:6)
  4 ufetubi
  A worm (D:2)
  6 dart slugs
  38 orcs
  12 ball pythons
  4 bats
  14 endoplasms
  6 giant cockroaches
  5 hobgoblins
  12 jackals
  20 kobolds
  8 quokkas
  12 goblins
  9 rats
  A lurking horror (Abyss:3)
  A starspawn tentacle (Abyss:3)
310 creatures vanquished.

Vanquished Creatures (collateral kills)
  A hydra (D:13)
  A two-headed ogre (D:11)
  An obsidian statue (D:8)
  A smoke demon (Abyss:3)
  A centaur skeleton (Abyss:3)
  A komodo dragon (D:11)
  4 slime creatures (D:13)
  A flying skull (Abyss:3)
  2 yaks (D:9)
  A basilisk (D:9)
  A chaos spawn (Abyss:3)
  A sky beast (D:8)
  A centaur (D:13)
  A gnoll sergeant (D:11)
  4 killer bees
  An electric eel (D:8)
  2 orc priests
  An orc wizard (D:9)
  7 orcs
  3 kobolds
  A lurking horror (Abyss:3)
37 creatures vanquished.

Vanquished Creatures (others)
  A golden eye (Abyss:3)
  2 wolves (D:8)
  A raiju zombie (Abyss:3)
  8 knights
  4 ancestors
  An adder (D:6)
  2 orcs
  A gnoll zombie (D:11)
  12 starspawn tentacles (Abyss:3)
32 creatures vanquished.

Grand Total: 379 creatures vanquished

Notes
Turn   | Place    | Note
-------+----------+-------------------------------------------
     0 | D:1      | Newt the Demonspawn Gladiator began the quest for the Orb.
     0 | D:1      | Reached XP level 1. HP: 16/16 MP: 1/1
   143 | D:1      | Gained mutation: You have a pair of small horns on your
                  | head. [demonic ancestry]
   143 | D:1      | Reached XP level 2. HP: 23/23 MP: 2/2
   385 | D:1      | Gained mutation: You are partially covered in icy blue
                  | scales. (AC +2) [demonic ancestry]
   385 | D:1      | Reached XP level 3. HP: 22/29 MP: 3/3
  1076 | D:2      | Reached XP level 4. HP: 32/37 MP: 4/4
  1323 | D:3      | Noticed an ice beast
  1339 | D:2      | Killed an ice beast
  1340 | D:2      | Gained mutation: A weak demonic guardian rushes to your
                  | aid. [demonic ancestry]
  1340 | D:2      | Reached XP level 5. HP: 19/42 MP: 5/5
  1834 | D:3      | Noticed Sigmund
  1847 | D:3      | Killed Sigmund
  1848 | D:3      | Gained mutation: You have a pair of horns on your head.
                  | [demonic ancestry]
  1848 | D:3      | Reached XP level 6. HP: 48/48 MP: 6/6
  2661 | D:4      | Reached skill level 5 in Throwing
  3102 | D:5      | Entered Level 5 of the Dungeon
  3122 | D:5      | Reached XP level 7. HP: 45/54 MP: 7/7
  3190 | D:5      | Found Cybuor's Antique Armour Shop.
  3214 | D:5      | Noticed Pikel
  3347 | D:4      | Killed Pikel
  3372 | D:5      | Found Noipyam's Overcharged Wands.
  3439 | D:5      | Noticed Grinder
  3439 | D:5      | Noticed Dowan
  3443 | D:5      | Noticed Duvessa
  3449 | D:5      | Killed Grinder
  3450 | D:5      | Reached XP level 8. HP: 38/60 MP: 8/8
  3471 | D:5      | Killed Duvessa
  3472 | D:5      | Reached skill level 5 in Polearms
  3481 | D:5      | Killed Dowan
  4063 | D:6      | Found a shadowy altar of Dithmenos.
  4175 | D:6      | Found a staircase to the Ecumenical Temple.
  4199 | Temple   | Entered the Ecumenical Temple
  4297 | Temple   | Became a worshipper of Hepliaklqana the Forgotten
  4480 | D:6      | Noticed Maggie
  4494 | D:6      | Killed Maggie
  4495 | D:6      | Gained mutation: You are mostly covered in icy blue scales.
                  | (AC +3) [demonic ancestry]
  4495 | D:6      | Reached XP level 9. HP: 64/65 MP: 9/9
  4624 | D:6      | Reached skill level 5 in Fighting
  4965 | D:7      | Identified the +7 spear of Disgust {drain, rElec rF+}
  5014 | D:7      | Reached skill level 1 in Armour
  5082 | D:7      | Reached * piety under Hepliaklqana
  5576 | D:7      | Reached skill level 5 in Armour
  5856 | D:8      | Noticed Psyche
  5859 | D:8      | Noticed a troll
  5867 | D:8      | Killed Psyche
  5871 | D:8      | Killed a troll
  5872 | D:8      | Reached XP level 10. HP: 52/68 MP: 10/10
  5943 | D:8      | Noticed a two-headed ogre
  5956 | D:8      | Killed a two-headed ogre
  6236 | D:8      | Reached ** piety under Hepliaklqana
  6237 | D:8      | Remembered your ancestor Aylmer as a knight
  6259 | D:8      | Reached skill level 10 in Polearms
  6259 | D:8      | Reached skill level 1 in Evocations
  6267 | D:8      | Gained mutation: Your flesh is cold resistant. (rC+)
                  | [potion of mutation]
  6267 | D:8      | Gained mutation: You occasionally lose the ability to read
                  | scrolls when taking damage. [potion of mutation]
  6267 | D:8      | Gained mutation: You are weak. (Str -2) [potion of
                  | mutation]
  6268 | D:8      | Lost mutation: You occasionally lose the ability to read
                  | scrolls when taking damage. [potion of mutation]
  6268 | D:8      | Lost mutation: Your flesh is cold resistant. (rC+) [potion
                  | of mutation]
  6268 | D:8      | Gained mutation: You possess an exceptional clarity of
                  | mind. [potion of mutation]
  6268 | D:8      | Gained mutation: You have large cloven feet. [potion of
                  | mutation]
  6441 | D:8      | Found a snail-covered altar of Cheibriados.
  6444 | D:8      | Found Cheibriados's Comfort Zone.
  6487 | D:8      | Found a broken altar of Ashenzari.
  6507 | D:8      | Found a stormy altar of Qazlal.
  6561 | D:8      | Reached skill level 5 in Evocations
  6689 | D:8      | Found a staircase to the Lair.
  6745 | D:8      | Reached skill level 1 in Necromancy
  6879 | D:8      | Noticed an obsidian statue
  6904 | D:8      | Killed an obsidian statue
  6905 | D:8      | Reached skill level 2 in Necromancy
  7054 | D:9      | Reached skill level 3 in Necromancy
  7455 | D:9      | Reached skill level 4 in Necromancy
  7508 | D:9      | Gained mutation: You regenerate a little health from kills.
                  | [demonic ancestry]
  7508 | D:9      | Reached XP level 11. HP: 59/72 MP: 15/15
  7588 | D:9      | Found a burning altar of Makhleb.
  7588 | D:9      | Noticed a balrug
  7652 | D:9      | Reached *** piety under Hepliaklqana
  8005 | D:10     | Entered Level 10 of the Dungeon
  8173 | D:10     | Reached skill level 5 in Necromancy
  8331 | D:10     | Noticed a two-headed ogre
  8341 | D:10     | Killed a two-headed ogre
  8555 | D:10     | Reached **** piety under Hepliaklqana
  8842 | D:11     | Reached skill level 6 in Necromancy
  8856 | D:11     | Reached skill level 5 in Spellcasting
  8856 | D:11     | Noticed a two-headed ogre
  8869 | D:11     | Killed a two-headed ogre
  8912 | D:11     | Learned a level 4 spell: Animate Dead
  9298 | D:11     | Found a portal to a secret trove of treasure.
  9306 | D:11     | Reached skill level 7 in Necromancy
  9651 | D:12     | Noticed Fannar
  9651 | D:12     | Noticed a boulder beetle
  9876 | D:12     | Noticed a brown ugly thing
  9881 | D:12     | Noticed a red ugly thing
  9887 | D:12     | Killed a brown ugly thing
  9889 | D:12     | Found a staircase to the Orcish Mines.
  9923 | D:11     | Killed a red ugly thing
 10124 | D:12     | Reached skill level 8 in Necromancy
 10154 | D:12     | Killed Fannar
 10281 | D:12     | Noticed a boulder beetle
 10306 | D:12     | Killed a boulder beetle
 10510 | D:12     | Reached ***** piety under Hepliaklqana
 10599 | D:12     | Gained mutation: You regenerate health from kills. [demonic
                  | ancestry]
 10599 | D:12     | Reached XP level 12. HP: 79/79 MP: 23/23
 10627 | D:12     | Identified the +4 dagger "Yleapl Kobba" {flame, Dex+3}
 10759 | D:12     | Reached skill level 9 in Necromancy
 11030 | D:13     | Noticed a five-headed hydra
 11037 | D:13     | Killed a six-headed hydra
 11250 | D:13     | Noticed a centaur warrior
 11271 | D:13     | Killed a centaur warrior
 11272 | D:13     | Reached skill level 10 in Necromancy
 11280 | Abyss:3  | Cast into level 3 of the Abyss (a wizard)
 11349 | Abyss:3  | Noticed a starcursed mass
 11359 | Abyss:3  | Noticed a starcursed mass
 11397 | Abyss:3  | Noticed a tentacled starspawn
 11420 | Abyss:3  | Noticed a tentacled starspawn
 11764 | Abyss:3  | Noticed a tentacled starspawn
 11785 | Abyss:3  | Killed a tentacled starspawn
 11786 | Abyss:3  | Reached skill level 11 in Necromancy
 11812 | Abyss:3  | Noticed a tentacled starspawn
 11926 | Abyss:3  | Noticed a tentacled starspawn
 11961 | Abyss:3  | Mangled by a small abomination

Illustrated notes

Levels and vault maps discovered:
D:1:      minmay_arrival_solitary_statue, layout_loops_ring,
          amcnicky_mini_rare_corridor_liquid, grunt_decor_arrowhead
D:2:      layout_rooms
D:3:      layout_rooms, uniq_sigmund
D:4:      layout_basic, serial_curves, eino_curves_02, eino_curves_02,
          minmay_statues_item, kennysheep_generic_room_7
D:5:      layout_rooms, serial_shops, nicolae_shop_stone, corexii_shack,
          nicolae_shop_overcharged_wands, uniq_duvessa, uniq_grinder, uniq_pikel
D:6:      layout_basic, amcnicky_altar_gilded, minmay_temple_entry_sparse_star,
          serial_glass, glass_columns_b, glass_columns_b, uniq_maggie
D:7:      nicolae_BIG_FREAKIN_CUBE, layout_rooms
D:8:      minmay_statue_hallways, layout_basic, nicolae_overflow_hidden_temple,
          erik_lair_island, minmay_shop_chei, minmay_manual_maat, uniq_psyche
D:9:      layout_long_grid, makhleb_altar_promises_db
D:10:     layout_irregular_city
D:11:     layout_small_grid, nicolae_trove_entry_path_of_doom
D:12:     layout_stronghold, erik_orc_4, st_stairs_2, uniq_fannar
D:13:     layout_big_octagon
Temple:   regret_index_temple_mists
Abyss:3:  base: D:4, minivault_24, evilmike_abyss_exit_glass,
          guppyfry_abyss_exit_imp_island, minivault_28,
          nicolae_abyss_rune_star_stuff, evilmike_abyss_exit_3,
          evilmike_abyss_exit_3, evilmike_abyss_exit_3,
          guppyfry_abyss_exit_glass_guarded,
          hangedman_grunt_abyss_rune_horror_hoard

Skill      XL: |  1  2  3  4  5  6  7  8  9 10 11 12 |
---------------+-------------------------------------+-----
Fighting       | 3 4 6 |  6.0
Short Blades   | 3 4 |  4.0
Throwing       | 2 4 5 6 |  6.0
Polearms       | 4 8 9 10 | 10.0
Armour         | 5 |  5.0
Evocations     | 5 |  5.0
Necromancy     | 4 8 11 | 11.7
Spellcasting   | 3 7 9 |  9.9
Dodging        | |  2.6

Action                     |  1- 3 |  4- 6 |  7- 9 | 10-12 || total
---------------------------+-------+-------+-------+-------++-------
  Melee: Rapier            |   146 |    80 |       |       ||   226
         Punch             |     2 |     2 |       |     2 ||     6
         Headbutt          |    17 |    30 |    37 |    72 ||   156
         Halberd           |       |    71 |   140 |   186 ||   397
         Spear             |       |       |    63 |   402 ||   465
         Kick              |       |       |       |   112 ||   112
  Throw: Boomerang         |       |     6 |     3 |    18 ||    27
         Dart              |       |     5 |     2 |     3 ||    10
         Throwing net      |       |     2 |     1 |     2 ||     5
         Javelin           |       |       |       |     1 ||     1
   Cast: Animate Dead      |       |       |       |     2 ||     2
 Invoke: Ancestor Life: Kn |       |       |       |     1 ||     1
         Recall Ancestor   |       |       |       |     4 ||     4
    Use: Scroll            |     7 |     4 |     5 |    10 ||    26
         Potion            |       |     1 |     5 |    11 ||    17
   Stab: Sleeping          |       |     5 |     2 |     2 ||     9
         Distracted        |       |       |       |     6 ||     6
         Invisible         |       |       |       |     2 ||     2
 Armour: Leather armour    |    52 |    63 |    20 |       ||   135
         Steam dragon scal |       |       |    15 |    25 ||    40
         Skin              |       |       |    12 |    23 ||    35
         Troll leather arm |       |       |       |    62 ||    62
  Dodge: Dodged            |    93 |   139 |    71 |   221 ||   524
  Block: Other             |       |       |    43 |    78 ||   121
         Reflection        |       |       |     1 |     9 ||    10

Table legend: (Time is in decaauts)
 A = Elapsed time spent in this place.
 B = Non-inter-level travel time spent in this place.
 C = Inter-level travel time spent in this place.
 D = Time resting spent in this place.
 E = Time spent auto-exploring this place.
 F = Levels seen in this place.
 G = Mean time per level.
                   A        B        C        D        E       F      G
               +--------+--------+--------+--------+--------+-----+--------+
         Total |  11889 |  11471 |    418 |   1992 |   6907 |  15 |  792.6 |
       Dungeon |  11080 |  10690 |    390 |   1797 |   6816 |  13 |  852.3 |
        Temple |    140 |    112 |     28 |      0 |     90 |   1 |  140.0 |
         Abyss |    668 |    668 |      0 |    195 |      0 |   1 |  668.0 |
               +--------+--------+--------+--------+--------+-----+--------+

Top non-repeatable levels by time:
     D:8: 1151 daAuts
     D:4: 1104 daAuts
    D:11: 1071 daAuts
    D:12: 1065 daAuts
     D:9: 938 daAuts
     D:7: 931 daAuts
     D:5: 888 daAuts
     D:2: 831 daAuts
    D:10: 810 daAuts
     D:1: 804 daAuts
     D:6: 750 daAuts
 Abyss:3: 668 daAuts
     D:3: 505 daAuts
    D:13: 228 daAuts
  Temple: 140 daAuts
